 Dungeon Crawl Stone Soup version 0.29.1-4-g47bece8355 (webtiles) character file.

Game seed: 12932386843284591857

652 Tiocfaidh the Cutter (level 7, -3/38 HPs)
             Began as a Gargoyle Venom Mage on Dec 3, 2022.
             Killed by divine providence
             ... invoked by an orc priest
              (11 damage)
             ... on level 5 of the Dungeon.
             The game lasted 00:51:31 (3270 turns).

Tiocfaidh the Cutter (Gargoyle Venom Mage)          Turns: 3270, Time: 00:51:31

Health: -3/38      AC:  6    Str: 16    XL:     7   Next: 54%
Magic:  1/11       EV: 12    Int: 17    God:
Gold:   293        SH:  0    Dex: 10    Spells: 9/12 levels left

rFire   . . .      SeeInvis .   A - +9 dagger of Due Proportion {holy, rPois Str+4}
rCold   . . .      Faith    .   (no shield)
rNeg    + + .      Spirit   .   a - +0 robe
rPois   ∞          Reflect  +   (no helmet)
rElec   +          Harm     .   (no cloak)
rCorr   .          Rampage  .   (no gloves)
Will    .....                   (no boots)
Stlth   +.........              r - amulet of reflection
HPRegen 0.12/turn               t - ring of positive energy
MPRegen 0.12/turn               (no ring)

@: confused, very slightly contaminated
A: sickness immunity, AC +4, negative energy resistance 1, electricity
resistance, torment resistance 1, petrification resistance
a: no special abilities


You were on level 5 of the Dungeon.
You visited 1 branch of the dungeon, and saw 5 of its levels.

You collected 293 gold pieces.

Inventory:

Hand Weapons
 e - a +3 short sword of venom
 A - the +9 dagger of Due Proportion (weapon) {holy, rPois Str+4}
   (You found it on level 4 of the Dungeon)

   It has been blessed by the Shining One to cause great damage to the undead
   and demons.
   Str:       It affects your strength (+4).
   rPois:     It protects you from poison.
Armour
 a - a +0 robe (worn)
Jewellery
 r - an amulet of reflection (around neck)
 t - a ring of positive energy (left hand)
 u - the ring "Afynkebu" {Contam rElec rPois Will++ Stlth+}
   (You found it on level 3 of the Dungeon)

   [ring of poison resistance]

   rElec:     It insulates you from electricity.
   rPois:     It protects you from poison.
   Contam:    It causes magical contamination when unequipped.
   Will:      It greatly increases your willpower.
   Stlth:     It makes you more stealthy.
Wands
 v - a wand of quicksilver (14)
 y - a wand of iceblast (14)
Scrolls
 c - a scroll of summoning {unknown}
 d - 2 scrolls of blinking
 g - 2 scrolls of poison
 h - a scroll of vulnerability {unknown}
 j - 2 scrolls of teleportation
 l - 2 scrolls of magic mapping {unknown}
 o - 3 scrolls of identify {unknown}
 q - 2 scrolls of enchant weapon {unknown}
 s - a scroll of fear {unknown}
 x - a scroll of brand weapon {unknown}
 C - a scroll of enchant armour {unknown}
Potions
 b - a potion of magic
 f - 2 potions of might {unknown}
 i - 2 potions of ambrosia {unknown}
 k - 2 potions of degeneration {unknown}
 m - 2 potions of heal wounds {unknown}
 n - a potion of curing {unknown}
 p - 2 potions of flight {unknown}
 w - a potion of mutation {unknown}
 z - 3 potions of brilliance {unknown}
 B - a potion of haste {unknown}


   Skills:
 + Level 1.0 Fighting
 * Level 4.3 Short Blades
 - Level 0.2 Maces & Flails
 + Level 2.4 Dodging
 + Level 3.2 Stealth
 + Level 0.8 Shields
 + Level 3.3 Spellcasting
 + Level 1.2 Transmutations
 + Level 1.4 Air Magic
 + Level 4.2 Poison Magic


You had 9 spell levels left.
You knew the following spells:

 Your Spells              Type           Power      Damage    Failure   Level
a - Sting                 Tmut/Pois      48%        1d5       5%          1
b - Poisonous Vapours     Pois/Air       24%        N/A       8%          2

Your spell library contained the following spells:

 Spells                   Type           Power      Damage    Failure   Level
 Mephitic Cloud           Conj/Pois/Air  9%         N/A       24%         3
 Olgreb's Toxic Radiance  Pois           17%        N/A       30%         4


Dungeon Overview and Level Annotations

Branches:
Dungeon (5/15)
 Temple: D:4-7

Altars:

Shops:
D:1 (

Annotations:
D:3 1 transporter, KittyFluff's ghost, amateur GrBe


Innate Abilities, Weirdness & Mutations

You are immune to sickness and miasma.
Your stone body is resilient. (AC +4)
You are immune to poison.
You resist negative energy. (rN+)
You are resistant to electric shocks. (rElec)
You are resistant to unholy torment.
You are immune to petrification.


Message History

Confirm with . or Enter, or press ? or * to list all spells.
Aiming: Poisonous Vapours (safe; 8% risk of failure)
Press: ? - help, Dir - move target, f/p - orc priest
Aim: an orc priest, wielding a +0 falchion and wearing a +0 leather armour Poisonous vapours surround the orc priest!
The orc priest is poisoned.
The orc priest calls down the wrath of Beogh upon you.
Beogh smites you!
Casting: Poisonous Vapours (safe; 8% risk of failure)
Confirm with . or Enter, or press ? or * to list all spells.
Aiming: Poisonous Vapours (safe; 8% risk of failure)
Press: ? - help, Dir - move target, f/p - orc priest
Aim: an orc priest, wielding a +0 falchion and wearing a +0 leather armour (poisoned)
You miscast Poisonous Vapours.
Nothing appears to happen.
The orc wizard gestures at you while chanting.
You are confused.
The orc priest looks more healthy.
The orc priest invokes the aid of Beogh against you.
You struggle to resist.
The orc wizard gestures at you while chanting.
You are more confused.
The orc priest invokes the aid of Beogh against you.
Pain shoots through your body!
You hit the orc priest.
The orc priest is moderately wounded.
You completely miss the orc priest.
The orc priest is moderately wounded.
The orc priest hits you with a +0 falchion!
The orc wizard hits you with a +0 dagger.
* * * LOW HITPOINT WARNING * * *
The orc priest hits you with a +0 falchion.
* * * LOW HITPOINT WARNING * * *
The orc wizard points at you and mumbles some strange words.
The puff of flame misses you.
You hit the orc wizard.
The orc wizard is almost dead.
You kill the orc wizard!
The orc priest invokes the aid of Beogh against you.
Beogh smites you!
You die...

##.......... ......#
#........... .......##
##...........
.........####............
.....?.....##..............
...........................
...........................
...........................
.........o@................
.........)....)............
..........................[
.>.........................
...........................
...........................
....##.....................
#.. #.....................
## ##....)...............


You could see an orc priest.

Vanquished Creatures
  A black bear (D:5)
  A bullfrog (D:5)
  A scorpion (D:3)
  A howler monkey (D:5)
  2 hounds
  A jelly (D:5)
  An orc priest (D:5)
  2 iguanas
  Ijyb (D:4)
  4 orc wizards
  5 adders
  A worm (D:3)
  A dart slug (D:3)
  11 orcs
  5 ball pythons
  7 bats
  5 endoplasms
  6 giant cockroaches
  5 goblins
  10 hobgoblins
  A jackal (D:3)
  8 kobolds
  A quokka (D:2)
  A frilled lizard (D:1)
  4 rats
86 creatures vanquished.

Notes
Turn   | Place    | Note
-------+----------+-------------------------------------------
     0 | D:1      | Tiocfaidh the Gargoyle Venom Mage began the quest for the
                  | Orb.
     0 | D:1      | Reached XP level 1. HP: 10/10 MP: 3/3
   155 | D:1      | Found a faded altar of an unknown god.
   263 | D:1      | Reached XP level 2. HP: 10/15 MP: 1/5
   344 | D:1      | Found Uludugup's Antique Weapon Shop.
   523 | D:1      | Reached XP level 3. HP: 19/19 MP: 3/6
   705 | D:1      | Reached skill level 1 in Transmutations
  1526 | D:3      | Learned a level 2 spell: Poisonous Vapours
  1536 | D:3      | Reached skill level 1 in Short Blades
  1541 | D:3      | Reached XP level 4. HP: 17/24 MP: 0/8
  1678 | D:3      | Identified the ring "Afynkebu" {Contam rElec rPois Will++
                  | Stlth+}
  1764 | D:3      | Reached XP level 5. HP: 22/28 MP: 6/9
  1909 | D:3      | Noticed an ogre
  1909 | D:3      | Noticed an ogre
  1911 | D:3      | Noticed KittyFluff's ghost (amateur GrBe)
  1911 | D:3      | Identified the +5 dire flail of the Girdle {freeze, rPois
                  | Dex+5}
  1911 | D:3      | Noticed an ogre
  1914 | D:3      | Found a transporter.
  2103 | D:3      | Reached XP level 6. HP: 32/32 MP: 10/10
  2466 | D:4      | Noticed Ijyb
  2477 | D:4      | Killed Ijyb
  2598 | D:4      | Identified the +9 dagger of Due Proportion {holy, rPois
                  | Str+4}
  2677 | D:5      | Entered Level 5 of the Dungeon
  2709 | D:5      | Noticed a black bear
  2723 | D:5      | Killed a black bear
  2724 | D:5      | Reached XP level 7. HP: 30/37 MP: 1/11
  2761 | D:5      | Reached skill level 1 in Air Magic
  2798 | D:5      | Reached skill level 1 in Fighting
  3270 | D:5      | Killed from afar by an orc priest

Illustrated notes

Levels and vault maps discovered:
D:1:      wheals_arrival_shading, layout_loops_ring, serial_shops, shop,
          chequers_ecumenical_altar_simple_redux, nrook_mini_backslash,
          minmay_cupped
D:2:      layout_rooms, serial_curves, eino_curves_04, eino_curves_01
D:3:      layout_rooms, gammafunk_ghost_smash, nrook_mini_vaults,
          minmay_joined_circles
D:4:      layout_cave_pools, uniq_ijyb
D:5:      layout_cave_pods, serial_shops, shop

Skill      XL: |  1  2  3  4  5  6  7 |
---------------+----------------------+-----
Transmutations | 1 |  1.2
Short Blades   | 1 2 3 4 |  4.3
Stealth        | 3 |  3.2
Poison Magic   | 4 |  4.2
Dodging        | 2 |  2.4
Spellcasting   | 3 |  3.3
Air Magic      | 1 |  1.4
Fighting       | 1 |  1.0
Maces & Flails | |  0.2
Shields        | |  0.8

Action                   |  1- 3 |  4- 6 |  7- 9 || total
-------------------------+-------+-------+-------++-------
Melee: Mace              |    12 |       |       ||    12
       Short sword       |    54 |    99 |       ||   153
       Punch             |       |     2 |       ||     2
       Dagger            |       |    13 |    36 ||    49
 Cast: Sting             |    31 |     5 |     3 ||    39
       Poisonous Vapours |     2 |    13 |     8 ||    23
  Use: Scroll            |       |     1 |     3 ||     4
Armor: Robe              |    14 |    19 |    11 ||    44
Dodge: Dodged            |    46 |    42 |    19 ||   107
Block: Other             |     4 |    17 |     4 ||    25
